 Dungeon Crawl Stone Soup version 0.30-a0-728-gc68057be0a (webtiles) character file.

Game seed: 2402727313587991329

268456 sokol815 the Spry (level 18, -26/170 HPs)
             Began as a Demigod Hunter on Jan 31, 2023.
             Annihilated by a vault warden
             ... wielding a +0 halberd
              (33 damage)
             ... on level 2 of the Vaults.
             The game lasted 01:56:42 (34392 turns).

sokol815 the Spry (Demigod Hunter)                 Turns: 34392, Time: 01:56:42

Health: -26/170    AC:  7    Str: 24    XL:     18   Next: 67%
Magic:  21/21      EV: 20    Int:  9    God:
Gold:   2043       SH: 12    Dex: 29    Spells: 17/17 levels left

rFire   + . .      SeeInvis +    a - +10 trident of the Octopus King {venom, rElec rPois}
rCold   + . .      Faith    .    A - +3 buckler {AC+3}
rNeg    + + .      Spirit   .    r - +8 crystal plate armour of Otset {rN++ Regen+ Dex+3}
rPois   +          Reflect  .    k - +2 hat
rElec   +          Harm     .    F - scarf {repulsion}
rCorr   .          Rampage  .    i - +0 pair of gloves of the Aged Violins {Will++ Dex-3}
Will    +++..                    d - +2 pair of boots Stlth
                                 t - amulet of regeneration
HPRegen 2.08/turn                u - ring of the Octopus King {HP+2 AC+2 EV+2 SH+2 SInv}
MPRegen 0.17/turn                p - ring "Panawoq" {rF+ rC+ Slay+4}

@: about to teleport, corroded, studying Fire Magic, repel missiles
A: high MP 1, forlorn, divine attributes, dopey 1
}: 2/15 runes: decaying, gossamer
a: no special abilities


You were on level 2 of the Vaults.
You visited 6 branches of the dungeon, and saw 32 of its levels.
You also visited: Bailey.

You collected 4243 gold pieces.
You spent 2200 gold pieces at shops.

Inventory:

Hand Weapons
 a - the +10 trident of the Octopus King (weapon) {venom, rElec rPois}
   (You found it on level 6 of the Dungeon)

   rElec:     It insulates you from electricity.
   rPois:     It protects you from poison.
 b - the +7 battleaxe "Ariestra" {spect, Dex+2 SInv}
   (You took it off Nergalle on level 10 of the Dungeon)

   Dex:       It affects your dexterity (+2).
   SInv:      It lets you see invisible.
 c - the +8 sling "Imeukeal" {flame, Int+2}
   (You found it on level 14 of the Dungeon)

   Int:       It affects your intelligence (+2).
Missiles
 n - 17 boomerangs
 o - 17 poisoned darts
 x - 6 throwing nets {!d}
 W - 5 silver javelins
Armour
 d - a +2 pair of boots (worn)
   (You found it on level 2 of the Lair of Beasts)
 i - the +0 pair of gloves of the Aged Violins (worn) {Will++ Dex-3}
   (You found it on level 2 of the Lair of Beasts)

   Dex:       It affects your dexterity (-3).
   Will:      It greatly increases your willpower.
 k - a +2 hat (worn)
   (You found it on level 11 of the Dungeon)
 r - the +8 crystal plate armour of Otset (worn) {rN++ Regen+ Dex+3}
   (You acquired it on level 9 of the Dungeon)

   Dex:       It affects your dexterity (+3).
   rN:        It greatly protects you from negative energy.
   Regen:     It increases your rate of health regeneration.
 A - a +3 buckler of protection (worn)
   (You bought it in a shop on level 4 of the Dungeon)
 C - the +3 cloak of Uviu {rC+}
   (You bought it in a shop on level 2 of the Orcish Mines)

   rC:        It protects you from cold.
 F - a scarf of repulsion (worn)
   (You found it on level 1 of the Dungeon)
Jewellery
 g - an amulet of the acrobat
   (You took it off a centaur on level 9 of the Dungeon)
 p - the ring "Panawoq" (right hand) {rF+ rC+ Slay+4}
   (You acquired it on level 15 of the Dungeon)

   [ring of slaying]

   Slay:      It affects your accuracy & damage with ranged weapons and melee
   (+4).
   rF:        It protects you from fire.
   rC:        It protects you from cold.
 s - a ring of resist corrosion
   (You found it on level 5 of the Dungeon)
 t - an amulet of regeneration (around neck)
   (You found it on level 5 of the Dungeon)
 u - a ring of the Octopus King (left hand) {HP+2 AC+2 EV+2 SH+2 SInv}
   (You found it on level 2 of the Spider Nest)

   [ring of see invisible]

   AC:        It affects your AC (+2).
   EV:        It affects your evasion (+2).
   HP:        It affects your health (+2).
   SInv:      It lets you see invisible.
   SH:        It affects your SH (+2).
 w - the ring of Celu Yve {rN+ Slay+3}
   (You found it on level 4 of the Dungeon)

   [ring of positive energy]

   Slay:      It affects your accuracy & damage with ranged weapons and melee
   (+3).
   rN:        It protects you from negative energy.
Wands
 e - a wand of charming (24)
   (You found it on level 2 of the Spider Nest)
 h - a wand of acid (34)
   (You found it on level 11 of the Dungeon)
 j - a wand of polymorph (10)
   (You found it on level 3 of the Swamp)
 q - a wand of flame (21)
   (You found it on level 7 of the Dungeon)
 y - a wand of mindburst (22)
   (You found it on level 3 of the Dungeon)
 z - a wand of roots (16)
   (You found it on level 6 of the Dungeon)
Scrolls
 l - 3 scrolls of fog
 m - 2 scrolls of brand weapon
 D - 3 scrolls of blinking {!r}
 E - 7 scrolls of fear
 H - 13 scrolls of identify {@r1}
 K - 6 scrolls of immolation {!r}
 O - 3 scrolls of silence
 Q - 3 scrolls of enchant weapon
 S - 3 scrolls of enchant armour
 V - 5 scrolls of vulnerability {!r!r}
 X - 8 scrolls of magic mapping {@r4!r}
 Y - 12 scrolls of teleportation {@r3}
Potions
 f - 2 potions of cancellation
 B - 3 potions of brilliance
 G - 6 potions of ambrosia {!q}
 I - 2 potions of invisibility
 J - 13 potions of curing {@q1}
 L - 4 potions of flight
 M - a potion of might
 N - 4 potions of heal wounds {@q2}
 P - 6 potions of lignification {!q}
 R - 3 potions of resistance
 T - 4 potions of berserk rage {!q}
 U - 9 potions of mutation {!q}
 Z - 3 potions of attraction {!q}
Miscellaneous
 v - a lightning rod (inert)
   (You found it on level 3 of the Lair of Beasts)


   Skills:
 + Level 16.7 Fighting
 * Level 4.0(9.9) Axes
 - Level 14.0(14.2) Polearms
 - Level 7.8 Ranged Weapons
 - Level 8.0 Throwing
 + Level 14.8 Armour
 + Level 19.1 Dodging
 - Level 0.8 Stealth
 - Level 4.0 Shields


You had 17 spell levels left.
You didn't know any spells.
Your spell library contained the following spells:

 Spells                   Type           Power      Damage    Failure   Level
 Beastly Appendage        Tmut           0%         N/A       100%        1
 Necrotise                Necr           0%         1d4       100%        1
 Sandblast                Erth           0%         2d4       100%        1
 Slow                     Hex            0%         N/A       100%        1
 Blink                    Tloc           0%         N/A       100%        2
 Lesser Beckoning         Tloc           0%         N/A       100%        2
 Passwall                 Tmut/Erth      0%         N/A       100%        2
 Wereblood                Tmut           0%         N/A       100%        2
 Call Canine Familiar     Summ           0%         N/A       100%        3
 Confusing Touch          Hex            0%         N/A       100%        3
 Gell's Gravitas          Tloc           0%         N/A       100%        3
 Ignite Poison            Fire/Tmut/Pois 0%         N/A       100%        3
 Portal Projectile        Hex/Tloc       0%         N/A       100%        3
 Spider Form              Tmut/Pois      0%         N/A       100%        3
 Stone Arrow              Conj/Erth      0%         3d7       100%        3
 Teleport Other           Tloc           0%         N/A       100%        3
 Vampiric Draining        Necr           0%         2d6       100%        3
 Anguish                  Hex/Necr       0%         N/A       100%        4
 Animate Dead             Necr           0%         N/A       100%        4
 Dispel Undead            Necr           0%         3d6       100%        4
 Leda's Liquefaction      Hex/Erth       0%         N/A       100%        4
 Manifold Assault         Tloc           0%         N/A       100%        4
 Sticky Flame             Conj/Fire      0%         2d3       100%        4
 Blade Hands              Tmut           0%         N/A       100%        5
 Borgnjor's Vile Clutch   Necr/Erth      0%         N/A       100%        5
 Fireball                 Conj/Fire      0%         3d3       100%        5
 Irradiate                Conj/Tmut      0%         3d11      100%        5
 Iskenderun's Battlesphe  Conj           0%         2d6       100%        5
 Summon Forest            Summ/Tloc      0%         N/A       100%        5
 Conjure Ball Lightning   Conj/Air       0%         3x3d6     100%        6
 Death Channel            Necr           0%         N/A       100%        6
 Dispersal                Tloc           0%         N/A       100%        6
 Eringya's Noxious Bog    Tmut/Pois      0%         N/A       100%        6
 Iron Shot                Conj/Erth      0%         9d1       100%        6
 Statue Form              Tmut/Erth      0%         N/A       100%        6
 Dragon Form              Tmut           0%         N/A       100%        7
 Enfeeble                 Hex            0%         N/A       100%        7
 Haunt                    Necr/Summ      0%         N/A       100%        7
 Orb of Destruction       Conj           0%         9d5       100%        7
 Spellforged Servitor     Conj/Summ      0%         N/A       100%        7
 Storm Form               Tmut/Air       0%         N/A       100%        7
 Summon Hydra             Summ           0%         N/A       100%        7
 Disjunction              Tloc           0%         N/A       100%        8
 Ignition                 Fire           0%         3d3       100%        8
 Infestation              Necr           0%         N/A       100%        8
 Lehudib's Crystal Spear  Conj/Erth      0%         10d2      100%        8


Dungeon Overview and Level Annotations

Branches:
Dungeon (15/15) Zot: 25633  Temple (0/1) D:7            Lair (5/5) D:10 Zot: 24061
  Swamp (4/4) Lair:3 Zot: 20092  Spider (4/4) Lair:2 Zot: 19058   Slime (0/5) Lair:4
    Orc (2/2) D:12 Zot: 10700     Elf (0/3) Orc:2        Vaults (2/5) D:14 Zot: 10466
 Depths (0/4) D:15         Bailey (visited)
  Crypt: Vaults:2-3

Shops:
D:3 (   D:4 [   D:7 (   D:10 [   Orc:2 *?[*[(

Portals:
Abyss: Lair:5
Trove: D:13 (give horn of Geryon)

Annotations:
D:11 1 runed translucent door
D:13 6 transporters
D:14 4 runed translucent doors
Lair:1 3 runed translucent doors, olddryhag's ghost, journeyman DsGl
Swamp:4 2 transporters, RegalBeagle's ghost, adept AtFi


Innate Abilities, Weirdness & Mutations

You have an increased reservoir of magic. (+10% MP)
You shall have no god before yourself.
Your divine heritage dramatically boosts your attributes as you level up.
You are dopey. (Int -2)


Message History

The acid corrodes you!
You are splashed with acid!
You block the vault warden's attack.
You take 19 damage, and have 142/170 hp.
Aim: an entropy weaver (moderately wounded)
The thunderbolt hits the ironbound convoker!
The thunderbolt hits the vault warden! x4
The thunderbolt hits the brown very ugly thing!!
The thunderbolt hits the ironbound preserver!
The thunderbolt hits the ironbound preserver!!
The thunderbolt hits the entropy weaver!
You kill the ironbound preserver!
The brown very ugly thing trunk-slaps you!!
You are splashed with acid!
You block the vault warden's attack.
Your base Axes skill increases to level 4!
You take 31 damage, and have 111/170 hp.
Aim: a tengu reaver, wielding a +4 great sword of distortion and wearing a +0 ring mail The thunderbolt hits the tengu reaver!
The thunderbolt hits the vault warden.
The thunderbolt hits the vault warden! x3
The thunderbolt hits the brown very ugly thing!
The thunderbolt hits the ironbound preserver!
The thunderbolt hits the entropy weaver!
The lightning rod overheats!
The entropy weaver points at you and mumbles some strange words.
The entropic weave corrodes you!
The brown very ugly thing completely misses you.
You block the vault warden's attack.
The ironbound preserver casts a spell.
The ironbound preserver begins to accept its allies' injuries.
You regained 2 hp, and now have 113/170 hp.
Okay, then.
You hit the brown very ugly thing but do no damage.
The brown very ugly thing is poisoned.
The entropy weaver points at you and mumbles some strange words.
The entropic weave corrodes you!
You regained 2 hp, and now have 115/170 hp.
You puncture the brown very ugly thing!
The brown very ugly thing looks as sick as possible!
You block the brown very ugly thing's attack.
The vault warden hits you from afar with a +0 halberd!
You take 15 damage, and have 100/170 hp.
You completely miss the brown very ugly thing.
The brown very ugly thing trunk-slaps you.
The acid corrodes you!
You are splashed with acid!
The entropy weaver gestures at you while chanting.
The entropic weave corrodes you!
You take 9 damage, and have 91/170 hp.
You hit the brown very ugly thing but do no damage.
The vault warden hits you from afar with a +0 halberd!
You take 5 damage, and have 86/170 hp.
You hit the brown very ugly thing but do no damage.
The brown very ugly thing looks as sick as possible!
The shock serpent changes into a death drake!
The entropy weaver casts a spell at you.
The entropic weave corrodes you! The brown very ugly thing misses you.
You block the vault warden's attack.
You hit the brown very ugly thing but do no damage.
The brown very ugly thing looks as sick as possible!
You hit the brown very ugly thing.
The brown very ugly thing looks as sick as possible!
The death drake changes into a steelbarb worm!
The brown very ugly thing misses you. You block the vault warden's attack.
You regained 2 hp, and now have 90/170 hp.
You hit the brown very ugly thing but do no damage.
The brown very ugly thing looks as sick as possible!
The steelbarb worm changes into a moth of wrath!
The brown very ugly thing completely misses you.
You block the vault warden's attack.
The brown very ugly thing attacks as you move away!
The brown very ugly thing trunk-slaps you!
You are splashed with acid!
The entropy weaver gestures at you while chanting.
The entropic weave corrodes you!
You take 23 damage, and have 68/170 hp.
You hit the brown very ugly thing but do no damage.
The brown very ugly thing trunk-slaps you!
The acid corrodes you!
You are splashed with acid!
* * * LOW HITPOINT WARNING * * *
You take 24 damage, and have 44/170 hp.
You hit the brown very ugly thing but do no damage.
The brown very ugly thing looks as sick as possible!
The deep elf high priest says, "You will make a fine sacrifice."
The vault warden barely misses you.
You regained 2 hp, and now have 46/170 hp.
You puncture the brown very ugly thing!
The brown very ugly thing trunk-slaps you.
* * * LOW HITPOINT WARNING * * *
You are splashed with acid.
* * * LOW HITPOINT WARNING * * *
You block the vault warden's attack.
You take 6 damage, and have 40/170 hp.
You hit the brown very ugly thing but do no damage.
The brown very ugly thing looks as sick as possible!
As you read the scroll of teleportation {@r3}, it crumbles to dust.
You feel strangely unstable.
The brown very ugly thing trunk-slaps you!!
* * * LOW HITPOINT WARNING * * *
You are splashed with acid!
* * * LOW HITPOINT WARNING * * *
The vault warden hits you from afar with a +0 halberd!!
You die... .........# .. #.# .. .........# .# .y. #. .........## .# pQe #. ..........# .#####. ..........## Q.pB. ...........## ppp

............### #p# .
..............###u###....
....)...........@........
.........................
.........................
.........................
#########################


You could see an ironbound preserver, a brown very ugly thing (strong, extremely
poisoned), 3 vault wardens, a tengu reaver, an entropy weaver, a moth of wrath
shaped shifter and a deep elf high priest.

Vanquished Creatures
  Mennas (Vaults:2)
  Sojobo (Vaults:2)
  Bai Suzhen (Swamp:2)
  A tentacled monstrosity (Swamp:2)
  Mlioglotl (Swamp:1)
  Asterion (Lair:2)
  6 thorn hunters
  A fire giant (Vaults:2)
  2 tengu reavers (Vaults:2)
  Roxanne (Swamp:1)
  A fenstrider witch (Swamp:2)
  7 emperor scorpions
  5 ghost moths
  2 vault wardens (Vaults:1)
  5 broodmothers
  4 ironbound preservers
  5 ghouls
  An ironbound thunderhulk (Vaults:1)
  4 eleionomae
  2 bunyips
  Azrael (Lair:2)
  4 spark wasps
  2 fire dragons (Swamp:4)
  3 entropy weavers
  Fannar (D:10)
  5 yaktaur captains
  Harold (D:9)
  A spriggan air mage (Swamp:4)
  3 shambling mangroves
  2 vault guards (Bailey)
  A catoblepas (Lair:3)
  2 radroaches (Spider:4)
  9 alligators
  8 centaur warriors
  3 ghost crabs
  13 boulder beetles
  6 ironbound frosthearts
  3 ogre magi
  12 hydras
  3 jorogumos
  18 two-headed ogres
  A tengu warrior (D:14)
  3 death yaks (Lair:3)
  3 thrashing horrors (Lair:5)
  A spriggan berserker (Swamp:3)
  Nergalle (D:10)
  A fire crab (shapeshifter) (D:15)
  7 pharaoh ants
  5 goliath frogs
  A fire crab (Swamp:4)
  14 orb spiders
  3 sun moths
  6 spriggan druids
  14 deep trolls
  6 ironbound convokers (Vaults:1)
  12 swamp dragons
  A glowing orange brain (D:15)
  5 bog bodies
  3 wizards
  Pikel (D:8)
  2 deep elf pyromancers (D:12)
  4 lindwurms
  An orc knight (D:12)
  2 steelbarb worms
  34 wolf spiders
  3 will-o-the-wisps
  2 orc sorcerers
  4 harpies (Vaults:1)
  19 ugly things
  5 cyclopes
  5 manticores
  A moth of wrath (Spider:2)
  An oklob plant (Swamp:3)
  A guardian serpent (shapeshifter) (Lair:5)
  7 elephants
  7 black mambas
  4 demonic crawlers
  8 vault sentinels
  2 smoke demons (Lair:5)
  12 cane toads
  5 torpor snails
  2 gargoyles
  An unseen horror (shapeshifter) (Lair:5)
  2 efreet
  2 rime drakes
  2 unseen horrors
  19 yaktaurs
  2 ancient zymes (Lair:5)
  A hydra zombie (Swamp:4)
  13 komodo dragons
  20 trolls
  8 tyrant leeches
  3 meliai
  A polar bear (Lair:3)
  14 hornets
  37 tarantellas
  A tarantella (shapeshifter) (Lair:5)
  22 blink frogs
  Prince Ribbit (Bailey)
  4 dream sheep (Lair:2)
  33 jumping spiders
  17 spriggans
  25 culicivoras
  Sigmund (D:3)
  5 wraiths
  2 vampires (D:12)
  37 slime creatures
  45 yaks
  5 shadows
  5 humans (Bailey)
  A wyvern (Lair:5)
  7 fire elementals
  Eustachio (D:6)
  3 large abominations (Lair:5)
  6 basilisks
  36 redbacks
  15 vampire mosquitoes
  Grum (D:8)
  5 steam dragons
  A chaos spawn (Lair:5)
  Edmund (D:6)
  2 acid dragons (D:10)
  2 wargs
  16 swamp worms
  A hell hound (Spider:1)
  23 water moccasins
  18 orc warriors
  3 black bears
  5 swamp drakes (Swamp:4)
  2 ice beasts
  20 ogres
  13 wolves
  16 centaurs
  A phantom (D:5)
  A kobold brigand (D:11)
  A necrophage (D:2)
  21 bullfrogs
  12 scorpions
  2 gnoll sergeants
  9 wights (D:9)
  9 killer bees
  An oklob sapling (Swamp:3)
  7 howler monkeys
  2 electric eels
  A lava snake (D:13)
  A hound (D:6)
  10 orc priests
  4 gnoll boudas
  An iron imp (D:6)
  3 iguanas
  28 orc wizards
  12 small abominations (Lair:5)
  8 adders
  23 gnolls
  3 shadow imps (D:6)
  2 white imps
  5 worms
  4 dart slugs
  62 orcs
  4 endoplasms
  8 giant cockroaches
  9 goblins
  12 hobgoblins
  4 jackals (D:1)
  11 kobolds
  5 quokkas
  11 ball pythons
  6 bats
  5 frilled lizards
  3 rats
  2 briar patches (Swamp:3)
1211 creatures vanquished.

Vanquished Creatures (collateral kills)
  Arachne (Spider:4)
  A spark wasp (Spider:4)
2 creatures vanquished.

Vanquished Creatures (others)
  An ironbound convoker (Vaults:2)
  A wolf spider (Spider:1)
  3 bloated husks
  A spriggan (Swamp:4)
  2 steam dragons (Swamp:4)
  A redback (Spider:1)
  A swamp worm (Swamp:1)
  2 swamp drakes (Swamp:4)
  An orc wizard (D:7)
  An orc (D:10)
  A briar patch (Swamp:4)
  30 foxfires
  61 fungi
  70 plants
176 creatures vanquished.

Grand Total: 1389 creatures vanquished

Notes
Turn   | Place    | Note
-------+----------+-------------------------------------------
     0 | D:1      | sokol815 the Demigod Hunter began the quest for the Orb.
     0 | D:1      | Reached XP level 1. HP: 17/17 MP: 3/3
   133 | D:1      | Reached skill level 2 in Fighting
   133 | D:1      | Reached skill level 2 in Dodging
   141 | D:1      | Reached XP level 2. HP: 24/24 MP: 4/4
   295 | D:1      | Reached skill level 4 in Ranged Weapons
  1176 | D:2      | Reached XP level 3. HP: 29/29 MP: 5/5
  1814 | D:3      | Noticed a necrophage
  1814 | D:3      | Found Titteaho's Weapon Emporium.
  1863 | D:3      | Reached XP level 4. HP: 32/37 MP: 6/6
  1910 | D:3      | Noticed Sigmund
  2132 | D:4      | Identified the ring of Celu Yve {rN+ Slay+3}
  2195 | D:4      | Identified a scroll of acquirement
  2195 | D:4      | Acquired a manual of Fire Magic
  2618 | D:3      | Reached XP level 5. HP: 41/44 MP: 7/7
  2726 | D:3      | Reached skill level 5 in Ranged Weapons
  2731 | D:3      | Reached skill level 3 in Fighting
  2882 | D:3      | Identified the +0 ring mail of the Dragon {rElec Will+}
  2926 | D:3      | Killed Sigmund
  2927 | D:3      | Reached skill level 3 in Dodging
  2927 | D:3      | Reached XP level 6. HP: 51/51 MP: 8/8
  3306 | D:4      | Found Noheku's Antique Armour Shop.
  3449 | D:5      | Entered Level 5 of the Dungeon
  3823 | D:5      | Reached skill level 6 in Ranged Weapons
  4013 | D:5      | Reached XP level 7. HP: 46/58 MP: 9/9
  4018 | D:5      | Reached skill level 4 in Fighting
  4019 | D:5      | Reached skill level 4 in Dodging
  4312 | D:5      | Found a runed translucent door.
  4332 | D:5      | Found a runed translucent door.
  4671 | D:6      | Reached skill level 7 in Ranged Weapons
  4719 | D:6      | Noticed Edmund
  4727 | D:6      | HP: 15/60 [Edmund/+1 dire flail of venom (6)]
  4727 | D:6      | HP: 6/60 [constriction (9)]
  4782 | D:6      | Killed Edmund
  4816 | D:6      | Noticed Eustachio
  4840 | D:6      | Identified the +5 hand axe of Peril {antimagic, rPois Str+3
                  | Stlth+}
  4854 | D:6      | Reached XP level 8. HP: 67/67 MP: 10/10
  4941 | D:6      | Reached skill level 5 in Fighting
  4941 | D:6      | Reached skill level 5 in Dodging
  5119 | D:4      | Bought a runed cloak for 240 gold pieces
  5465 | D:6      | Found the +8 trident of the Octopus King {venom, rElec
                  | rPois}
  5536 | D:6      | Killed Eustachio
  5537 | D:6      | Reached skill level 1 in Polearms
  5572 | D:7      | Reached skill level 2 in Polearms
  5722 | D:7      | Reached skill level 3 in Polearms
  5854 | D:7      | Reached XP level 9. HP: 75/75 MP: 11/11
  6143 | D:7      | Found a staircase to the Ecumenical Temple.
  6187 | D:7      | Found Sabrygg's Antique Weapon Shop.
  6221 | D:8      | Noticed Pikel
  6271 | D:8      | Reached skill level 4 in Polearms
  6276 | D:8      | Reached skill level 6 in Fighting
  6276 | D:8      | Reached skill level 6 in Dodging
  6335 | D:8      | Found a flagged portal.
  6361 | Bailey   | Entered a bailey
  6373 | Bailey   | Reached skill level 5 in Polearms
  6488 | Bailey   | Reached skill level 6 in Polearms
  6566 | Bailey   | Noticed a vault guard
  6566 | Bailey   | Noticed Prince Ribbit
  6585 | Bailey   | Noticed a vault guard
  6603 | Bailey   | Killed a vault guard
  6604 | Bailey   | Reached skill level 7 in Fighting
  6604 | Bailey   | Reached skill level 7 in Dodging
  6604 | Bailey   | Reached XP level 10. HP: 69/86 MP: 13/13
  6622 | Bailey   | Killed Prince Ribbit
  6623 | Bailey   | Reached skill level 7 in Polearms
  6657 | Bailey   | Killed a vault guard
  6845 | D:8      | Killed Pikel
  6876 | D:8      | Noticed Grum
  6884 | D:8      | Reached skill level 8 in Polearms
  6896 | D:8      | Killed Grum
  7052 | D:8      | You fall into a shaft and drop 3 floors!
  7145 | D:10     | Entered Level 10 of the Dungeon
  7170 | D:10     | Noticed Fannar
  7175 | D:10     | Found Orhop's Armour Boutique.
  7213 | D:10     | Reached skill level 8 in Fighting
  7213 | D:10     | Reached skill level 8 in Dodging
  7262 | D:10     | Identified the +7 battleaxe "Ariestra" {spect, Dex+2 SInv}
  7262 | D:10     | Noticed Nergalle
  7274 | D:10     | Noticed a white ugly thing
  7288 | D:10     | Killed a white ugly thing
  7305 | D:10     | Killed Nergalle
  7306 | D:10     | Reached skill level 9 in Polearms
  7376 | D:10     | Found a staircase to the Lair.
  7390 | D:10     | Reached XP level 11. HP: 85/95 MP: 14/14
  7402 | D:10     | Acquired a manual of Dodging
  7462 | D:10     | Reached skill level 9 in Dodging
  7563 | D:10     | Noticed a two-headed ogre
  7571 | D:10     | Killed a two-headed ogre
  7689 | D:9      | Found Pocruo Doys's Weapon Shop.
  7795 | D:9      | Noticed Harold
  7817 | D:9      | Killed Harold
  7818 | D:9      | Reached skill level 10 in Polearms
  7818 | D:9      | Reached skill level 10 in Dodging
  8228 | D:9      | Acquired the +8 crystal plate armour of Otset {rN++ Regen+
                  | Dex+3}
  8461 | D:9      | Reached skill level 1 in Armour
  8711 | D:10     | Reached skill level 9 in Fighting
  8787 | D:10     | Killed Fannar
  9652 | D:11     | Reached skill level 2 in Armour
  9678 | D:11     | Reached skill level 11 in Dodging
 10070 | D:11     | Noticed a two-headed ogre
 10075 | D:11     | Killed a two-headed ogre
 10250 | D:11     | Reached skill level 3 in Armour
 10313 | D:11     | Noticed a centaur warrior
 10324 | D:11     | Killed a centaur warrior
 10325 | D:11     | Reached XP level 12. HP: 87/104 MP: 15/15
 10397 | D:11     | Found a runed translucent gate.
 10398 | D:11     | Found a runed translucent gate.
 10401 | D:11     | Found a runed translucent door.
 10409 | D:11     | Found a runed translucent gate.
 10418 | D:11     | Found a runed translucent door.
 10427 | D:11     | Found the +9 staff of Olgreb {rPois∞}
 10675 | Lair:1   | Entered Level 1 of the Lair of Beasts
 10699 | Lair:1   | Acquired 770 gold pieces
 10732 | D:10     | Bought the +2 pair of boots of Mypell {*Corrode rElec rF+
                  | Int+6} for 595 gold pieces
 10805 | Lair:1   | Noticed olddryhag's ghost (journeyman DsGl)
 10809 | Lair:1   | Found a runed translucent gate.
 10809 | Lair:1   | Found a runed translucent gate.
 10810 | Lair:1   | Found a runed translucent gate.
 11421 | Lair:2   | Reached skill level 4 in Armour
 11428 | Lair:2   | Reached skill level 11 in Polearms
 11428 | Lair:2   | Reached skill level 12 in Dodging
 11512 | Lair:2   | Identified the +0 pair of gloves of the Aged Violins
                  | {Will++ Dex-3}
 11928 | Lair:2   | Reached skill level 5 in Armour
 12249 | Lair:2   | Found a hole to the Spider Nest.
 12555 | Lair:3   | Reached skill level 13 in Dodging
 12738 | Lair:3   | Reached skill level 6 in Armour
 12883 | Lair:3   | Identified the +3 pair of boots of the Mantidfly {Harm
                  | +Blink Will- Int+3}
 12957 | Lair:3   | Found a staircase to the Swamp.
 12998 | Lair:3   | Reached skill level 10 in Fighting
 13185 | Lair:3   | Noticed a catoblepas
 13198 | Lair:3   | Killed a catoblepas
 13199 | Lair:3   | Reached skill level 12 in Polearms
 13199 | Lair:3   | Reached XP level 13. HP: 112/113 MP: 16/16
 13280 | Lair:4   | Reached skill level 14 in Dodging
 13455 | Lair:4   | Found a staircase to the Slime Pits.
 13891 | Lair:4   | Reached skill level 1 in Throwing
 14325 | Lair:5   | Entered Level 5 of the Lair of Beasts
 14459 | Lair:5   | Reached skill level 2 in Throwing
 14676 | Lair:5   | Reached skill level 3 in Throwing
 15071 | Lair:5   | Found a one-way gate to the infinite horrors of the Abyss.
 15080 | Lair:5   | Reached skill level 4 in Throwing
 15363 | Lair:5   | Reached skill level 13 in Polearms
 15369 | Lair:5   | Identified the +2 chain mail of the Persimmons {Str+3 Int-2
                  | Dex+5}
 16233 | D:11     | Reached skill level 7 in Armour
 16245 | D:11     | Reached skill level 5 in Throwing
 16258 | D:11     | Reached XP level 14. HP: 50/122 MP: 17/17
 16620 | D:12     | Reached skill level 11 in Fighting
 16995 | D:12     | Reached skill level 6 in Throwing
 17170 | D:12     | Found a staircase to the Orcish Mines.
 17695 | D:4      | Bought a glowing buckler for 240 gold pieces
 17901 | Orc:1    | Entered Level 1 of the Orcish Mines
 18301 | Orc:2    | Entered Level 2 of the Orcish Mines
 18317 | Orc:2    | Found Anuce's Magic Scroll Shop.
 18699 | Orc:2    | Reached skill level 14 in Polearms
 18718 | Orc:2    | Reached skill level 7 in Throwing
 18800 | Orc:2    | Found Ycewapiu's Armour Shop.
 18805 | Orc:2    | Found Pexemp's Assorted Antiques.
 18835 | Orc:2    | Reached skill level 8 in Armour
 18835 | Orc:2    | Reached skill level 15 in Dodging
 18912 | Orc:2    | Found Ustrus's Antique Armour Boutique.
 18915 | Orc:2    | Found Kageloac's Antique Weapon Shop.
 18923 | Orc:2    | Bought a blackened cloak for 285 gold pieces
 18923 | Orc:2    | Identified the +3 cloak of Uviu {rC+} (You bought it in a
                  | shop on level 2 of the Orcish Mines)
 18972 | Orc:2    | Found a staircase to the Elven Halls.
 19044 | Orc:2    | Found Looph's Gadget Gallery.
 19273 | Orc:2    | Bought a fading chain mail for 285 gold pieces
 19273 | Orc:2    | Identified the +1 chain mail of Lugonu {-Tele Str+2 Int+9
                  | Dex-3} (You bought it in a shop on level 2 of the Orcish
                  | Mines)
 19273 | Orc:2    | Bought a fine ring mail for 270 gold pieces
 19273 | Orc:2    | Identified the +0 ring mail of the Hanged Man {rC+} (You
                  | bought it in a shop on level 2 of the Orcish Mines)
 19273 | Orc:2    | Bought a heavily runed chain mail for 285 gold pieces
 19273 | Orc:2    | Identified the +1 chain mail of the Flute {Str+2 Dex+4
                  | Stlth-} (You bought it in a shop on level 2 of the Orcish
                  | Mines)
 19338 | D:13     | Found a portal to a secret trove of treasure.
 19581 | D:13     | Reached skill level 1 in Shields
 19605 | D:13     | Found a transporter.
 19608 | D:13     | Found a transporter.
 19608 | D:13     | Found a transporter.
 19617 | D:13     | Noticed a juggernaut
 19621 | D:13     | Found a transporter.
 19621 | D:13     | Found a transporter.
 19636 | D:13     | Found a transporter.
 20211 | D:14     | Identified the +8 sling "Imeukeal" {flame, Int+2}
 20258 | D:14     | Found a huge runed translucent gate.
 20259 | D:14     | Found a huge runed translucent gate.
 20259 | D:14     | Found a huge runed translucent gate.
 20259 | D:14     | Found a huge runed translucent gate.
 20412 | D:13     | Reached skill level 2 in Shields
 20591 | D:14     | Reached XP level 15. HP: 120/130 MP: 18/18
 20603 | D:14     | Reached skill level 8 in Throwing
 20614 | D:14     | Found a gate to the Vaults.
 20825 | D:15     | Entered Level 15 of the Dungeon
 20978 | D:15     | Reached skill level 3 in Shields
 21038 | D:15     | Acquired the ring "Panawoq" {rF+ rC+ Slay+4}
 21093 | D:15     | Reached skill level 4 in Shields
 21206 | D:14     | Reached skill level 12 in Fighting
 21292 | D:15     | Reached skill level 9 in Armour
 21628 | D:15     | Found a staircase to the Depths.
 22187 | Spider:1 | Entered Level 1 of the Spider Nest
 22223 | Spider:1 | Noticed Azrael
 22304 | Spider:1 | HP: 22/134 [spark wasp (13)]
 22573 | Lair:2   | HP: 26/134 [wolf spider (14)]
 23058 | Spider:1 | Noticed Asterion
 23091 | Lair:2   | Killed Asterion
 23198 | Lair:2   | Killed Azrael
 23228 | Spider:1 | Reached skill level 10 in Armour
 23462 | Spider:1 | Reached skill level 16 in Dodging
 23628 | Spider:2 | Found the ring of the Octopus King
 23633 | Spider:2 | Identified a ring of the Octopus King {HP+2 AC+2 EV+2 SH+2
                  | SInv}
 23703 | Spider:2 | Reached skill level 13 in Fighting
 24164 | Spider:2 | Reached XP level 16. HP: 139/143 MP: 19/19
 25063 | Spider:3 | Reached skill level 11 in Armour
 26199 | Spider:4 | Entered Level 4 of the Spider Nest
 26557 | Spider:4 | Noticed Arachne
 26593 | Spider:4 | Killed Arachne
 26594 | Spider:4 | Reached skill level 14 in Fighting
 26786 | Spider:4 | Reached skill level 17 in Dodging
 27078 | Spider:4 | Gained mutation: You are dopey. (Int -2) [mutagenic glow]
 27491 | Spider:4 | Reached skill level 12 in Armour
 28253 | Spider:4 | Got a gossamer rune of Zot
 28463 | Swamp:1  | Entered Level 1 of the Swamp
 28476 | Swamp:1  | Reached XP level 17. HP: 154/154 MP: 20/20
 28559 | Swamp:1  | Noticed Mlioglotl
 28578 | Swamp:1  | Killed Mlioglotl
 28892 | Swamp:1  | Identified Roxanne's Tractate on Silt
 28892 | Swamp:1  | Noticed Roxanne
 28951 | Swamp:1  | Killed Roxanne
 29318 | Swamp:2  | HP: 39/156 [eight-headed hydra (4)]
 29324 | Swamp:2  | HP: 38/156 [eight-headed hydra (10)]
 29330 | Swamp:2  | HP: 37/156 [goliath frog (10)]
 29332 | Swamp:2  | HP: 12/156 [acid (9)]
 29537 | Swamp:2  | Reached skill level 15 in Fighting
 29915 | Swamp:3  | Reached skill level 13 in Armour
 29931 | Swamp:3  | Noticed a tentacled monstrosity
 29981 | Swamp:2  | Killed a tentacled monstrosity
 30065 | Swamp:3  | HP: 34/158 [alligator[a spriggan druid] (19)]
 30071 | Swamp:3  | HP: 23/158 [alligator[a spriggan druid] (30)]
 30081 | Swamp:3  | Reached skill level 18 in Dodging
 30179 | Swamp:3  | Noticed Bai Suzhen
 30259 | Swamp:2  | Killed Bai Suzhen
 31084 | Swamp:4  | Entered Level 4 of the Swamp
 31383 | Swamp:4  | Found a transporter.
 31386 | Swamp:4  | Found a transporter.
 31386 | Swamp:4  | Noticed RegalBeagle's ghost (adept AtFi)
 31390 | Swamp:4  | Noticed a tentacled monstrosity
 31913 | Swamp:4  | Reached skill level 14 in Armour
 32004 | Swamp:4  | Got the Spellbook of Reanimation Made Easy
 32080 | Swamp:4  | Reached XP level 18. HP: 166/166 MP: 21/21
 32099 | Swamp:4  | Reached skill level 16 in Fighting
 32171 | Swamp:4  | Got a decaying rune of Zot
 32643 | Vaults:1 | Entered Level 1 of the Vaults
 33616 | Vaults:1 | Reached skill level 1 in Axes
 33672 | Vaults:1 | Reached skill level 19 in Dodging
 33686 | Vaults:1 | Reached skill level 2 in Axes
 33953 | Vaults:2 | Noticed Mennas
 33980 | Vaults:2 | Killed Mennas
 34179 | Vaults:2 | Reached skill level 3 in Axes
 34205 | Vaults:2 | Noticed Sojobo
 34217 | Vaults:2 | Paralysed by an air elemental for 1 turns
 34224 | Vaults:2 | Paralysed by an air elemental for 1 turns
 34252 | Vaults:2 | Killed Sojobo
 34378 | Vaults:2 | Reached skill level 4 in Axes
 34390 | Vaults:2 | HP: 40/170 [acid (4)]
 34392 | Vaults:2 | HP: 17/170 [brown very ugly thing (27)]
 34392 | Vaults:2 | HP: 7/170 [acid (10)]
 34392 | Vaults:2 | Annihilated by a vault warden

Illustrated notes

Levels and vault maps discovered:
D:1:      minmay_arrival_four_loops, layout_basic
D:2:      layout_basic, basic_altar
D:3:      wander_river, layout_basic, general_overflow_altar, serial_shops,
          nicolae_shop_bloodbath_and_beyond, uniq_sigmund
D:4:      layout_loops_ring, serial_shops, shop, minmay_misc_feat_five,
          hangedman_decor_growths, minmay_between
D:5:      lemuel_insect_pit, layout_basic
D:6:      layout_basic, slow_altar_2, gammafunk_temple_overflow_wave,
          uniq_eustachio, uniq_edmund
D:7:      layout_basic, minmay_temple_entry_fiery, serial_shops,
          nicolae_take_the_stairs, grunt_ministairs_10
D:8:      layout_cave_pools, enter_bailey_4, uniq_grum, uniq_pikel
D:9:      minmay_inner_zag, layout_irregular_city, mainiacjoe_overflow_chevrons,
          nicolae_overflow_hidden_temple, serial_shops, shop_coins, uniq_harold
D:10:     layout_loops_ring, due_lair_maze_entry_diamond, serial_shops, shop,
          uniq_nergalle, uniq_fannar
D:11:     layout_loops_corners, minivault_26, nrook_mini_vaults,
          ebering_dispersal_statue_hall, minmay_guarded_unrand_staff_of_olgreb
D:12:     minmay_connected_boxes_in_corner, layout_cross, david_orc_5,
          hangedman_corner_corridor
D:13:     layout_stronghold, enter_trove_0, kennysheep_big_empty_room,
          hellmonk_jugg_or_not
D:14:     lemuel_bear_cage, layout_basic, david_vaults_2
D:15:     gammafunk_enter_depths_forms, layout_basic, evilmike_ruin_ashenzari
Lair:1:   layout_loops_ring, gammafunk_ghost_split
Lair:2:   layout_regular_city, spider_nest_entry_funnel_web,
          infiniplex_staircase_pool_2
Lair:3:   layout_hall_layers, minmay_swamp_entry_worms,
          kennysheep_catoblepas_arena, infiniplex_staircase_pool,
          lemuel_fruit_fields
Lair:4:   layout_small_grid, dpeg_slime_entry_enclosed
Lair:5:   hellmonk_lair_end_abyssal_woods, layout_big_grid
Swamp:1:  layout_basic_swamp, evilmike_swamp_ruin_house_3, uniq_mlioglotl,
          uniq_roxanne
Swamp:2:  layout_basic_swamp, evilmike_swamp_ruin_house_6
Swamp:3:  nicolae_swamp_phyte_club, layout_basic_swamp,
          nicolae_swamp_little_tower, swamp_pool1, uniq_bai_suzhen
Swamp:4:  swamp_fiery, layout_basic_swamp, gammafunk_ghost_arena,
          nicolae_swamp_necromancy_gone_wrong
Spider:1: layout_spider_delve, nicolae_spider_altar_of_dancing, uniq_azrael,
          uniq_asterion
Spider:2: nicolae_spider_mines_2
Spider:3: layout_cave_pods, nicolae_spider_rock_and_or_roll
Spider:4: guppyfry_spider_rune, nicolae_orb_island, uniq_arachne
Orc:1:    layout_caves
Orc:2:    st_orc_open, layout_caves, serial_shops, shop, nicolae_shop_gadgets
Vaults:1: v_misc_27, ontoclasm_vaults_tryst, hangedman_vaults_hat,
          vaults_room_ringed_pool, hangedman_vaults_unwind, vaults_dpeg_hooks,
          vaults_mumra_minichess, vaults_standard_mumra_enter_the_diamond,
          vaults_room_stairs_pillars, nicolae_vaults_what_the_h,
          vaults_room_semicircle, layout_vaults_omnicross
Vaults:2: minmay_guarded_unrand_secular_launcher, v_misc_8,
          nicolae_vaults_circle_grid_a, v_misc_23, vaults_dpeg_ring, v_misc_1,
          ontoclasm_vaults_decontamination, hangedman_vaults_slice,
          nicolae_vaults_sealed_display, layout_vaults_omnigrid, serial_shops,
          nicolae_shop_statue_plus, uniq_sojobo, uniq_mennas

Skill      XL: |  1  2  3  4  5  6  7  8  9 10 11 12 13 14 15 16 17 18 |
---------------+-------------------------------------------------------+-----
Fighting       | 2 3 4 5 7 8 9 10 11 13 14 15 16 | 16.7
Dodging        | 2 3 4 5 7 8 11 13 14 15 16 17 18 19 | 19.1
Ranged Weapons | 4 5 6 7 |  7.8
Polearms       | 3 6 9 10 12 13 14 | 14.0
Armour         | 3 6 7 8 10 12 14 | 14.8
Throwing       | 5 7 8 |  8.0
Shields        | 2 4 |  4.0
Axes           | 4 |  4.0
Stealth        | |  0.8

Action                     |  1- 3 |  4- 6 |  7- 9 | 10-12 | 13-15 | 16-18 || total
---------------------------+-------+-------+-------+-------+-------+-------++-------
  Melee: Trident           |       |       |   203 |   749 |  2057 |  2348 ||  5357
         Punch             |       |       |     5 |    18 |    16 |       ||    39
   Fire: Shortbow          |   127 |   136 |   109 |     3 |       |       ||   375
         Sling             |       |       |       |       |       |    28 ||    28
  Throw: Javelin           |       |       |       |       |     3 |       ||     3
         Dart              |       |       |       |       |       |     3 ||     3
  Evoke: Wand              |       |       |       |     1 |       |     4 ||     5
         Lightning rod     |       |       |       |       |       |     4 ||     4
    Use: Scroll            |       |    13 |     7 |     8 |     8 |     8 ||    44
         Potion            |       |       |     5 |     2 |     5 |     9 ||    21
   Stab: Sleeping          |       |       |     1 |     1 |       |       ||     2
         Distracted        |       |       |       |       |     1 |       ||     1
         Invisible         |       |       |       |       |       |     8 ||     8
 Armour: Leather armour    |    25 |    19 |    55 |    47 |       |       ||   146
         Crystal plate arm |       |       |       |   212 |   957 |  1157 ||  2326
  Dodge: Dodged            |    63 |    47 |   192 |   417 |   947 |  1154 ||  2820
         Repelled          |       |     1 |     1 |     6 |     3 |    28 ||    39
  Block: Buckler           |       |       |       |       |   437 |  1139 ||  1576

Table legend: (Time is in decaauts)
 A = Elapsed time spent in this place.
 B = Non-inter-level travel time spent in this place.
 C = Inter-level travel time spent in this place.
 D = Time resting spent in this place.
 E = Time spent auto-exploring this place.
 F = Levels seen in this place.
 G = Mean time per level.
                   A        B        C        D        E       F      G
               +--------+--------+--------+--------+--------+-----+--------+
         Total |  33156 |  29792 |   3364 |   2488 |  19441 |  33 | 1004.7 |
       Dungeon |  15157 |  13116 |   2041 |    791 |   9520 |  15 | 1010.5 |
          Lair |   5938 |   5207 |    731 |    548 |   3578 |   5 | 1187.6 |
         Swamp |   3907 |   3728 |    179 |    512 |   1728 |   4 |  976.8 |
   Spider Nest |   4941 |   4665 |    276 |    526 |   2720 |   4 | 1235.2 |
  Orcish Mines |   1299 |   1209 |     90 |     59 |    809 |   2 |  649.5 |
        Vaults |   1532 |   1488 |     44 |      2 |    964 |   2 |  766.0 |
        Bailey |    380 |    380 |      0 |     49 |    121 |   1 |  380.0 |
               +--------+--------+--------+--------+--------+-----+--------+

Top non-repeatable levels by time:
  Lair:2: 2022 daAuts
Spider:4: 1971 daAuts
     D:5: 1508 daAuts
    D:11: 1432 daAuts
  Lair:5: 1321 daAuts
Spider:3: 1292 daAuts
 Swamp:3: 1245 daAuts
    D:10: 1233 daAuts
     D:4: 1167 daAuts
     D:1: 1159 daAuts
     D:9: 1158 daAuts
  Lair:4: 1154 daAuts
 Swamp:4: 1134 daAuts
Vaults:1: 1104 daAuts
Spider:2: 1060 daAuts

Table legend:
 A = Kills in this place as a percentage of kills in entire the game.
 B = Kills by you in this place as a percentage of kills by you in the entire game.
 C = Kills by friends in this place as a percentage of kills by friends in the entire game.
 D = Other kills in this place as a percentage of other kills in the entire game.
 E = Experience gained in this place as a percentage of experience gained in the entire game.
 F = Experience gained in this place divided by the number of levels of this place that you have seen.
                   A       B       C       D       E      F
               +-------+-------+-------+-------+-------+----------------------
         Total | 100.0 | 100.0 | 100.0 | 100.0 | 100.0 | 12534.6
       Dungeon |  36.3 |  36.5 |   0.0 |   0.0 |  18.9 | 5209.0
          Lair |  15.2 |  15.3 |   0.0 |   0.0 |  13.8 | 11437.2
         Swamp |  12.8 |  12.6 |   0.0 | 100.0 |  22.6 | 23380.8
   Spider Nest |  17.5 |  17.4 | 100.0 |   0.0 |  23.3 | 24070.5
  Orcish Mines |   7.7 |   7.8 |   0.0 |   0.0 |   4.8 | 9976.0
        Vaults |   8.3 |   8.4 |   0.0 |   0.0 |  15.6 | 32270.5
        Bailey |   2.1 |   2.2 |   0.0 |   0.0 |   1.0 | 4023.0
               +-------+-------+-------+-------+-------+----------------------
